 Dungeon Crawl Stone Soup version 0.21-a0-578-gc6e9d75 (webtiles) character file.

24973 mortelune the Arsonist (level 12, 0/105 HPs)
             Began as a Black Draconian Fire Elementalist on Dec 18, 2017.
             Was a High Priest of Sif Muna.
             Slain by a sun demon (15 damage)
             ... in a volcano.
             The game lasted 01:24:03 (19619 turns).

mortelune the Arsonist (DrFE)                      Turns: 19619, Time: 01:24:04

Health: 0/105      AC: 14    Str: 11    XL:     12   Next: 85%
Magic:  23/42      EV: 12    Int: 21    God:    Sif Muna [*****.]
Gold:   178        SH:  0    Dex: 11    Spells: 9/27 levels left

rFire    . . .     SeeInvis .   z - +2 halberd (chop)
rCold    . . .     Gourm    .   (shield currently unavailable)
rNeg     . . .     Faith    .   (armour unavailable)
rPois    .         Spirit   .   (helmet restricted)
rElec    +         Reflect  .   o - +1 cloak
rCorr    .         Harm     .   Y - +1 pair of gloves
MR       .....                  L - +1 pair of boots
Stlth    ++........             w - amulet of magic regeneration
HPRegen  0.27/turn              i - ring of magical power
MPRegen  0.53/turn              s - ring of magical power

@: no status effects
A: breathe lightning, unfitting armour, electricity resistance, cold-blooded, AC
+8
a: Breathe Lightning, Divine Energy, Channel Magic, Forget Spell, Renounce
Religion


You were in a volcano.
You worshipped Sif Muna.
Sif Muna was extremely pleased with you.
You were not hungry.

You visited 2 branches of the dungeon, and saw 14 of its levels.
You also visited: Sewer and Volcano.

You collected 766 gold pieces.
You spent 588 gold pieces at shops.

Inventory:

Hand Weapons
 e - a +0 dagger
 l - a +0 short sword
 p - a +0 trident
 z - a +2 halberd of chopping (weapon)
 J - a +0 whip of freezing
Missiles
 d - 375 stones (quivered)
Armour
 o - a +1 cloak (worn)
 L - a +1 pair of boots (worn)
 U - a +2 shield
 Y - a +1 pair of gloves (worn)
Jewellery
 i - a ring of magical power (left hand)
 s - a ring of magical power (right hand)
 w - an amulet of magic regeneration (around neck)
Wands
 D - a wand of iceblast (7)
 G - a wand of enslavement (9)
 K - a wand of acid (9)
 W - a wand of polymorph (19)
Scrolls
 m - 5 scrolls of remove curse
 n - 2 scrolls of fear
 q - 3 scrolls of fog
 t - 5 scrolls of enchant armour
 A - a scroll of immolation
 B - 3 scrolls of enchant weapon {unknown}
 M - 3 scrolls of teleportation
 N - 3 scrolls of identify
 O - a scroll of silence
 Q - a scroll of blinking
 R - a scroll of magic mapping
 S - a scroll of brand weapon {unknown}
 X - 2 scrolls of amnesia {unknown}
Potions
 c - 7 potions of might
 h - 3 potions of brilliance
 j - a potion of heal wounds
 k - 6 potions of agility
 r - 6 potions of curing
 v - a potion of haste
 C - a potion of cancellation
 E - a potion of lignification
 F - a potion of flight
 H - 2 potions of degeneration
 I - 2 potions of magic
 P - 2 potions of ambrosia
Books
 a - a book of Flames

   Spells                             Type                      Level
   a - Flame Tongue                   Conjuration/Fire             1
   b - Throw Flame                    Conjuration/Fire             2
   c - Conjure Flame                  Conjuration/Fire             3
   d - Inner Flame                    Hexes/Fire                   3
   e - Sticky Flame                   Conjuration/Fire             4
   f - Fireball                       Conjuration/Fire             5
 g - a Fen Folio

   Spells                             Type                      Level
   a - Corpse Rot                     Necromancy                   2
   b - Stone Arrow                    Conjuration/Earth            3
   c - Leda's Liquefaction            Hexes/Earth                  4
   d - Summon Forest                  Summoning/Translocation      5
   e - Hydra Form                     Transmutation                6
   f - Summon Hydra                   Summoning                    7
 x - a book of Flames

   Spells                             Type                      Level
   a - Flame Tongue                   Conjuration/Fire             1
   b - Throw Flame                    Conjuration/Fire             2
   c - Conjure Flame                  Conjuration/Fire             3
   d - Inner Flame                    Hexes/Fire                   3
   e - Sticky Flame                   Conjuration/Fire             4
   f - Fireball                       Conjuration/Fire             5
 y - a book of Maledictions

   Spells                             Type                      Level
   a - Corona                         Hexes                        1
   b - Ensorcelled Hibernation        Hexes/Ice                    2
   c - Confuse                        Hexes                        3
   d - Tukima's Dance                 Hexes                        3
   e - Dazzling Spray                 Conjuration/Hexes            3
 T - Vayt Bivuff's Almanac of the Helpful Compass
   (Sif Muna gifted it to you on level 11 of the Dungeon)

   Spells                             Type                      Level
   a - Infusion                       Charms                       1
   b - Shroud of Golubria             Charms/Translocation         2
   c - Song of Slaying                Charms                       2
   d - Regeneration                   Charms/Necromancy            3
   e - Teleport Other                 Translocation                3
 V - Yratah's Almanac of Protection
   (You found it on level 2 of the Lair of Beasts)

   Spells                             Type                      Level
   a - Shroud of Golubria             Charms/Translocation         2
   b - Spectral Weapon                Hexes/Charms                 3
   c - Iskenderun's Battlesphere      Conjuration/Charms           5
   d - Deflect Missiles               Charms/Air                   6
Comestibles
 b - 17 rations


   Skills:
 + Level 9.4 Fighting
 - Level 1.7 Dodging
 - Level 1.7 Stealth
 + Level 8.2 Spellcasting
 * Level 12.1 Conjurations
 - Level 3.0 Hexes
 * Level 12.5 Fire Magic
 + Level 4.8 Invocations


You had 9 spell levels left.
You knew the following spells:

 Your Spells              Type           Power        Failure   Level  Hunger
a - Flame Tongue          Conj/Fire      #####        1%          1    None
b - Throw Flame           Conj/Fire      ######       1%          2    None
c - Conjure Flame         Conj/Fire      ######..     1%          3    None
d - Sticky Flame          Conj/Fire      ######..     1%          4    ###....
e - Fireball              Conj/Fire      ######....   1%          5    #####..
f - Dazzling Spray        Conj/Hex       #####.       1%          3    None


Dungeon Overview and Level Annotations

Branches:
Dungeon (11/15)            Temple (0/1) D:7            Lair (3/6) D:8
 Shoals (0/4) Lair:2        Snake (0/4) Lair:2          Orc (0/2) D:10

Altars:
Cheibriados
Elyvilon
Fedhas
Hepliaklqana
Nemelex Xobeh
Okawaru
Sif Muna
Trog
Yredelemnul

Shops:
D:9 ?%((:   D:10 **?[(

Annotations:
D:2 exclusions: downstairs and 2 more exclusions, Sigmund


Innate Abilities, Weirdness & Mutations

You can breathe wild blasts of lightning.
Your glossy black scales are hard. (AC +8)
You cannot fit into any form of body armour.
You are resistant to electric shocks. (rElec)
You are cold-blooded and may be slowed by cold attacks.


Message History

The red devil hits you from afar with a trident of flaming!
* * * LOW HITPOINT WARNING * * *
The red devil burns you.
* * * LOW HITPOINT WARNING * * *
The red devil hits you from afar with a trident of flaming.
* * * LOW HITPOINT WARNING * * *
The red devil burns you.
* * * LOW HITPOINT WARNING * * *
You feel better. The sun demon closely misses you. The red devil misses you.
The red devil barely misses you.
You feel better. The sun demon closely misses you.
The red devil closely misses you.
The red devil hits you from afar with a trident of flaming.
* * * LOW HITPOINT WARNING * * *
The red devil burns you.
* * * LOW HITPOINT WARNING * * *
The sun demon hits you.
* * * LOW HITPOINT WARNING * * *
You are engulfed in flames!
You die...

≈≈.§≈≈§≈§§≈§§§ ≈≈§≈§≈
§≈§§§§≈≈≈§§§§§§ ≈§≈≈
§≈≈≈≈§.≈§..§§.. ≈§≈≈≈≈§§###
####### ≈§≈≈≈≈§.# +.....+
§≈≈§§§§§# .8_8. §≈≈≈≈§..# 44.
§≈§≈≈§≈.###++###3#
§≈≈≈≈§§.#......#@#
≈≈≈§§§≈.######.#.# ≈≈≈≈§§§.# #.#
≈§≈≈§≈≈.# #.# §§≈≈≈≈≈.# #.#
≈§≈≈≈≈≈.# #.#
≈§≈≈≈≈≈.########+#######
≈≈§≈≈≈≈≈...§.§........§..≈≈§
≈≈≈≈≈≈≈≈.≈≈.≈§≈≈≈≈≈§§≈≈≈≈§≈§§≈≈≈§


You could see a sun demon (blind) and 2 red devils.

Vanquished Creatures
  A hydra (Lair:3)
  2 two-headed ogres
  An unseen horror (D:11)
  A deep troll (D:11)
  A necromancer (Lair:2)
  Pikel (D:7)
  An ugly thing (D:11)
  Maurice (D:8)
  2 torpor snails (Lair:1)
  5 spiny frogs
  2 rime drakes (Lair:2)
  3 komodo dragons (Lair:2)
  2 hornets (D:11)
  11 trolls
  A red devil (Volcano)
  8 blink frogs
  4 hippogriffs
  A wyvern (D:9)
  25 yaks
  5 fire bats
  A basilisk (Lair:2)
  3 hungry ghosts
  2 water moccasins
  5 porcupines
  A hell hound (D:8)
  2 ice beasts
  4 orc warriors
  2 slaves (D:7)
  3 sky beasts
  3 necrophages
  5 ogres
  A phantom (D:9)
  2 centaurs
  5 crocodiles
  4 big kobolds
  A wyvern zombie (D:5)
  8 bullfrogs
  2 scorpions
  A wyvern skeleton (D:11)
  3 howler monkeys
  3 electric eels (D:11)
  4 wights (D:7)
  7 crimson imps
  2 bullfrog zombies
  7 lava snakes (Volcano)
  2 quasits
  7 hounds
  10 orc priests
  13 orc wizards
  3 centaur skeletons
  3 iguanas
  2 bullfrog skeletons
  Natasha (thrice) (D:3)
  5 worker ants
  4 polar bear simulacra (Lair:2)
  A yak simulacrum (Lair:2)
  3 wolf simulacra (Lair:2)
  A hound skeleton (D:6)
  A howler monkey zombie (D:10)
  6 adders
  3 gnolls (D:4)
  A howler monkey skeleton (D:8)
  4 shadow imps
  3 oozes
  An adder skeleton (D:9)
  An adder zombie (D:7)
  4 worms
  12 dart slugs
  6 leopard geckos
  60 orcs
  10 bats
  2 giant cockroaches (D:7)
  14 goblins
  2 hobgoblins (D:1)
  11 jackals
  4 quokkas
  9 frilled lizards
  2 gnoll zombies (D:5)
  21 kobolds
  A leopard gecko skeleton (D:6)
  2 quokka skeletons
  A quokka zombie (D:6)
  9 rats
  3 river rat simulacra (Lair:2)
409 creatures vanquished.

Vanquished Creatures (others)
  4 fungi (Lair:2)
  2 plants (Lair:2)
6 creatures vanquished.

Grand Total: 415 creatures vanquished

Notes
Turn   | Place    | Note
-------+----------+-------------------------------------------
     0 | D:1      | mortelune the Draconian Fire Elementalist began the quest for the Orb.
     0 | D:1      | Reached XP level 1. HP: 14/14 MP: 3/3
   428 | D:1      | Reached XP level 2. HP: 22/22 MP: 1/5
   432 | D:1      | Learned a level 2 spell: Throw Flame
   704 | D:1      | Reached skill level 1 in Fighting
  1177 | D:1      | Reached XP level 3. HP: 28/28 MP: 3/6
  1182 | D:1      | Learned a level 3 spell: Conjure Flame
  1345 | D:1      | You fall through a shaft!
  2364 | D:2      | Noticed Sigmund
  2423 | D:2      | Found a sparkling altar of Nemelex Xobeh.
  2459 | D:2      | Reached XP level 4. HP: 33/35 MP: 2/7
  2827 | D:3      | Noticed a hippogriff
  2914 | D:3      | Found a bloodstained altar of Trog.
  3076 | D:3      | Found a glowing drain.
  3098 | D:3      | Reached XP level 5. HP: 41/41 MP: 0/8
  3113 | Sewer    | Entered a sewer
  3682 | Sewer    | Reached XP level 6. HP: 45/50 MP: 4/10
  4444 | D:3      | Reached skill level 5 in Fire Magic
  4465 | D:3      | Killed a hippogriff
  4465 | D:3      | Your scales start taking on a glossy black colour.
  4465 | D:3      | Reached XP level 7. HP: 23/57 MP: 12/12
  4465 | D:3      | Gained mutation: You are resistant to electric shocks. (rElec) [Black Draconian growth]
  4645 | D:3      | Learned a level 4 spell: Sticky Flame
  4829 | D:3      | Noticed Natasha
  4831 | D:3      | Killed Natasha
  4932 | D:3      | Noticed Natasha
  4940 | D:3      | Killed Natasha
  5250 | D:3      | Found an iron altar of Okawaru.
  5323 | D:3      | Noticed Natasha
  5328 | D:3      | Killed Natasha
  5593 | D:4      | Found a deep blue altar of Sif Muna.
  6025 | D:4      | Found a hazy altar of Hepliaklqana.
  6244 | D:4      | Reached skill level 5 in Conjurations
  6527 | D:4      | Became a worshipper of Sif Muna the Loreminder
  6557 | D:5      | Entered Level 5 of the Dungeon
  6561 | D:5      | Reached XP level 8. HP: 66/66 MP: 13/13
  7141 | D:5      | Found a basalt altar of Yredelemnul.
  7814 | D:6      | Reached * piety under Sif Muna
  8562 | D:6      | Learned a level 5 spell: Fireball
  8610 | D:7      | Found a staircase to the Ecumenical Temple.
  8748 | D:7      | Reached XP level 9. HP: 73/73 MP: 16/16
  8764 | D:7      | Reached skill level 5 in Fighting
  8791 | D:7      | Reached ** piety under Sif Muna
  9002 | D:7      | Noticed Pikel
  9008 | D:7      | Killed Pikel
  9008 | D:7      | Reached skill level 5 in Spellcasting
  9660 | D:8      | Learned a level 3 spell: Dazzling Spray
  9713 | D:8      | Found a staircase to the Lair.
  9756 | D:8      | Noticed Maurice
  9762 | D:8      | Killed Maurice
  9762 | D:8      | Reached skill level 1 in Hexes
  9884 | D:8      | Reached *** piety under Sif Muna
 10169 | D:8      | Noticed a two-headed ogre
 10181 | D:8      | Killed a two-headed ogre
 10181 | D:8      | Reached XP level 10. HP: 83/83 MP: 18/18
 10335 | D:9      | Found Raar's Food Shop.
 10507 | D:9      | Found a blossoming altar of Fedhas.
 10535 | D:9      | Found Mudurraa's Book Boutique.
 10666 | D:9      | Found Kaoskil's Magic Scroll Shoppe.
 10676 | D:9      | Bought a scroll of blinking for 105 gold pieces
 10676 | D:9      | Bought a scroll of teleportation for 42 gold pieces
 10811 | D:9      | Found Viliux's Weapon Shoppe.
 10913 | D:9      | Found a white marble altar of Elyvilon.
 11020 | D:9      | Found Laselion's Weapon Shoppe.
 11154 | D:10     | Entered Level 10 of the Dungeon
 11158 | D:10     | Reached **** piety under Sif Muna
 11200 | D:10     | Found Liocseq's General Store.
 11213 | D:10     | Bought a scroll of silence for 105 gold pieces
 11213 | D:10     | Bought a potion of ambrosia for 112 gold pieces
 11248 | D:10     | Found Kaesosch's Magic Scroll Emporium.
 11280 | D:10     | Bought a scroll of fog for 28 gold pieces
 11280 | D:10     | Bought a scroll of magic mapping for 49 gold pieces
 11282 | D:10     | Bought a scroll of teleportation for 42 gold pieces
 11593 | D:10     | Found a staircase to the Orcish Mines.
 11624 | D:10     | Reached skill level 10 in Fire Magic
 11736 | D:10     | Found Zuukk's Armour Emporium.
 11795 | D:10     | Noticed a two-headed ogre
 11807 | D:10     | Killed a two-headed ogre
 12137 | D:10     | Found Tileil's Antique Weapon Boutique.
 12335 | D:10     | Found Jiny's General Store.
 12391 | D:10     | Reached XP level 11. HP: 92/92 MP: 20/20
 13088 | D:11     | Noticed a deep troll
 13106 | D:11     | Reached skill level 10 in Conjurations
 13149 | D:11     | Killed a deep troll
 13485 | D:11     | Noticed an unseen horror
 13489 | D:11     | Killed an unseen horror
 13519 | D:11     | Reached ***** piety under Sif Muna
 13818 | D:11     | Identified Vayt Bivuff's Almanac of the Helpful Compass (Sif Muna gifted it to you on level 11 of the Dungeon)
 13818 | D:11     | Received a gift from Sif Muna
 13877 | D:11     | Paralysed by a hornet for 3 turns
 14174 | D:11     | Reached skill level 1 in Invocations
 14729 | D:11     | Noticed a brown ugly thing
 14738 | D:11     | Killed a brown ugly thing
 15371 | D:10     | Bought a scroll of blinking for 105 gold pieces
 15440 | Lair:1   | Entered Level 1 of the Lair of Beasts
 16197 | Lair:1   | Reached XP level 12. HP: 95/103 MP: 23/23
 16368 | Lair:1   | Found a snail-covered altar of Cheibriados.
 17177 | Lair:2   | Found a staircase to the Snake Pit.
 17500 | Lair:2   | Found a staircase to the Shoals.
 18167 | Lair:2   | Received a gift from Sif Muna
 18175 | Lair:2   | Identified Yratah's Almanac of Protection
 18475 | Lair:3   | Noticed a four-headed hydra
 18480 | Lair:3   | Killed a four-headed hydra
 18815 | Lair:3   | Found a dark tunnel.
 18829 | Volcano  | Entered a volcano
 19609 | Volcano  | Found a burning altar of Makhleb.
 19617 | Volcano  | HP: 5/105 [red devil/trident of flaming (2)]
 19619 | Volcano  | Slain by a sun demon

Vault maps used:
D:1:      dpeg_arrival_central, st_stairs_12
D:2:      ashenzari_altar_1, nemelex_dance_club_becter, uniq_sigmund
D:3:      kennysheep_slugbush, okawaru_trees_2, cheibrodos_sewer_entry_bend,
          bloody_trog, uniq_natasha
D:4:      lemuel_doored_altar, overflow_temple_1_default, first_ration
D:5:      lemuel_zombie_altar_yredelemnul, hex_tiny
D:6:      nrook_uturn
D:7:      minmay_temple_entry_statues_fountains, uniq_pikel
D:8:      minmay_lair_entry_lava, uniq_maurice
D:9:      elyvilon_altar_5, nicolae_overflow_crystal_walls, serial_shops,
          nicolae_shop_window_shopping,
          nicolae_shop_competitors_out_of_business, shop,
          nicolae_shop_statue_plus, shop
D:10:     hiddenorc1_lemuel, serial_shops,
          nicolae_shop_temple_entry_statues_fountains, kennysheep_mini, shop,
          nicolae_shop_statue_plus, nicolae_shop_overgrown_old_shop
D:11:     lemuel_troll_bridge
Lair:1:   kennysheep_snail_temple
Lair:2:   shoals_dummy_entry, dummy_snake_entry, eino_house_with_fridge
Lair:3:   nicolae_volcano_entry_batcave, st_stairs_8, patterned_corridor,
          infiniplex_staircase_pool, grunt_megastairs_2, serial_bayou_shore_a
Sewer:    kennysheep_pipe_town
Volcano:  volcano_lake

Skill      XL: |  1  2  3  4  5  6  7  8  9 10 11 12 |
---------------+-------------------------------------+-----
Fighting       | 1 2 3 4 6 7 8 9 |  9.4
Conjurations   | 2 3 4 5 6 8 9 11 12 | 12.1
Fire Magic     | 4 5 6 7 9 10 11 12 | 12.5
Spellcasting   | 3 4 5 6 7 8 |  8.2
Hexes          | 1 3 |  3.0
Invocations    | 2 4 |  4.8
Dodging        | |  1.7
Stealth        | |  1.7

Action                   |  1- 3 |  4- 6 |  7- 9 | 10-12 || total
-------------------------+-------+-------+-------+-------++-------
Melee: Dagger            |    18 |       |       |       ||    18
       Tailslap          |     1 |     2 |     2 |     2 ||     7
       Short sword       |       |    10 |       |       ||    10
       Trident           |       |       |    27 |       ||    27
       Halberd           |       |       |    32 |    34 ||    66
 Cast: Flame Tongue      |    46 |    74 |   128 |   259 ||   507
       Throw Flame       |    22 |    16 |   157 |   221 ||   416
       Conjure Flame     |       |       |     7 |    18 ||    25
       Sticky Flame      |       |       |    18 |    64 ||    82
       Fireball          |       |       |     9 |    63 ||    72
       Dazzling Spray    |       |       |       |    42 ||    42
 Abil: Breathe Lightning |       |       |     1 |       ||     1
Evoke: Wand              |       |       |     5 |       ||     5
  Use: Scroll            |       |       |    13 |    13 ||    26
       Potion            |       |       |       |     7 ||     7
  Eat: Chunk             |     6 |     8 |    25 |    38 ||    77
       Ration            |       |       |     1 |     6 ||     7
Armor: Skin              |     9 |    14 |    35 |    86 ||   144
Dodge: Dodged            |    27 |    42 |    63 |   149 ||   281

Table legend:
 A = Spawn XP
 B = Non-spawn XP
 C = Spawn XP percentage of total XP
 D = Spawn monster count
 E = Non-spawn monster count
 F = Spawn count percentage of total count
 G = Total turns spent on level
                    A         B        C        D         E        F      G
               +---------+---------+-------+---------+---------+-------+---------
         Total |       0 |   35676 |   0.0 |       0 |     407 |   0.0 | 19619
               +---------+---------+-------+---------+---------+-------+---------
           D:1 |       0 |      58 |   0.0 |       0 |      27 |   0.0 |  1800
           D:2 |       0 |      65 |   0.0 |       0 |      18 |   0.0 |  1080
           D:3 |       0 |     503 |   0.0 |       0 |      37 |   0.0 |  1564
           D:4 |       0 |     439 |   0.0 |       0 |      15 |   0.0 |  1058
           D:5 |       0 |     509 |   0.0 |       0 |      13 |   0.0 |  1076
           D:6 |       0 |     451 |   0.0 |       0 |      19 |   0.0 |   947
           D:7 |       0 |    1582 |   0.0 |       0 |      31 |   0.0 |   748
           D:8 |       0 |    2462 |   0.0 |       0 |      19 |   0.0 |  1023
           D:9 |       0 |    2169 |   0.0 |       0 |      27 |   0.0 |   839
          D:10 |       0 |    2960 |   0.0 |       0 |      47 |   0.0 |  1629
          D:11 |       0 |    8445 |   0.0 |       0 |      53 |   0.0 |  2621
        Lair:1 |       0 |    3489 |   0.0 |       0 |      15 |   0.0 |  1689
        Lair:2 |       0 |    7641 |   0.0 |       0 |      37 |   0.0 |  1391
        Lair:3 |       0 |    3547 |   0.0 |       0 |      15 |   0.0 |   309
         Sewer |       0 |     346 |   0.0 |       0 |      24 |   0.0 |  1055
       Volcano |       0 |    1010 |   0.0 |       0 |      10 |   0.0 |   790
               +---------+---------+-------+---------+---------+-------+---------
